 Dungeon Crawl Stone Soup version 0.28-b1-25-g9875b3fc8c (webtiles) character file.

Game seed: 11213521713044799100

88 inmateoo the Magician (level 4, 0/32 HPs)
             Began as a Djinni Earth Elementalist on Feb 4, 2022.
             Slain by an orc priest (2 damage)
             ... on level 3 of the Dungeon.
             The game lasted 00:05:23 (3457 turns).

inmateoo the Magician (Djinni Earth Elementalist)   Turns: 3457, Time: 00:05:23

Health: 0/32       AC:  4    Str:  7    XL:     4   Next: 81%
Gold:   71         EV: 12    Int: 19    God:
                   SH:  0    Dex: 13

rFire   + + .      SeeInvis .     - Unarmed
rCold   x . .      Faith    .   (no shield)
rNeg    . . .      Spirit   .   b - +0 robe
rPois   ∞          Reflect  .   (no helmet)
rElec   .          Harm     .   (no cloak)
rCorr   .          Rampage  .   d - +1 pair of gloves
Will    .....                   (boots unavailable)
Stlth   ++........              (no amulet)
HPRegen 0.10/turn               (no ring)
MPRegen 0.00/turn               (no ring)

@: flying
A: sickness immunity, fire resistance 2, cold vulnerability 1, float, innate
caster, HP casting, extra vitality 1
a: no special abilities


You were on level 3 of the Dungeon.
You visited 1 branch of the dungeon, and saw 3 of its levels.

You collected 71 gold pieces.

Inventory:

Missiles
 c - 8 stones
Armour
 b - a +0 robe (worn)
 d - a +1 pair of gloves (worn)
Jewellery
 a - a +4 ring of evasion
Wands
 f - a wand of iceblast (4)
Scrolls
 i - a scroll of identify


   Skills:
 + Level 1.5 Fighting
 + Level 2.9 Dodging
 - Level 2.0 Stealth
 + Level 1.1 Unarmed Combat
 + Level 3.1 Spellcasting


You couldn't memorise any spells.
You knew the following spells:

 Your Spells              Type           Power      Damage    Failure   Level
a - Sandblast             Erth           30%        2d9       4%          1
b - Passwall              Tmut/Erth      12%        N/A       6%          2
c - Stone Arrow           Conj/Erth      30%        3d8       12%         3
d - Petrify               Tmut/Erth      15%        N/A       38%         4
e - Beastly Appendage     Tmut           30%        N/A       4%          1
Your spell library was empty.

Dungeon Overview and Level Annotations

Branches:
Dungeon (3/15)

Altars:

Shops:
D:3 [

Annotations:
D:3 1 transporter


Innate Abilities, Weirdness & Mutations

You are immune to sickness and miasma.
You are immune to poison.
Your flesh is very heat resistant. (rF++)
You are vulnerable to cold. (rC-)
You float through the air rather than walking.
You learn spells naturally, not from books.
Your magical power is your life essence.
You have superior vitality. (+4 MHP)


Message History

Casting: Sandblast (safe; 4% risk of failure)
Confirm with . or Enter, or press ? or * to list all spells.
Aiming: Sandblast (safe; 4% risk of failure)
Press: ? - help, Shift-Dir - straight line, f/p - orc priest
Aim: an orc priest, wielding a +0 hand axe and wearing a +0 chain mail (85% to hit)
The blast of sand hits the orc priest but does no damage.
The orc priest closely misses you.
Casting: Sandblast (safe; 4% risk of failure)
Confirm with . or Enter, or press ? or * to list all spells.
Aiming: Sandblast (safe; 4% risk of failure)
Press: ? - help, Shift-Dir - straight line, f/p - orc priest
Aim: an orc priest, wielding a +0 hand axe and wearing a +0 chain mail (85% to hit)
The blast of sand misses the orc priest.
The orc priest hits you but does no damage.
Casting: Sandblast (safe; 4% risk of failure)
Confirm with . or Enter, or press ? or * to list all spells.
Aiming: Sandblast (safe; 4% risk of failure)
Press: ? - help, Shift-Dir - straight line, f/p - orc priest
Aim: an orc priest, wielding a +0 hand axe and wearing a +0 chain mail (85% to hit)
The blast of sand hits the orc priest but does no damage.
The orc priest hits you with a +0 hand axe.
Casting: Sandblast (safe; 4% risk of failure)
Confirm with . or Enter, or press ? or * to list all spells.
Aiming: Sandblast (safe; 4% risk of failure)
Press: ? - help, Shift-Dir - straight line, f/p - orc priest
Aim: an orc priest, wielding a +0 hand axe and wearing a +0 chain mail (85% to hit)
The blast of sand hits the orc priest but does no damage.
The orc priest calls down the wrath of Beogh upon you.
Beogh smites you!
* * * LOW HITPOINT WARNING * * *
Casting: Sandblast (safe; 4% risk of failure)
Confirm with . or Enter, or press ? or * to list all spells.
Aiming: Sandblast (safe; 4% risk of failure)
Press: ? - help, Shift-Dir - straight line, f/p - orc priest
Aim: an orc priest, wielding a +0 hand axe and wearing a +0 chain mail (85% to hit)
The blast of sand hits the orc priest!
The orc priest is heavily wounded.
* * * LOW HITPOINT WARNING * * *
The orc priest hits you with a +0 hand axe.
You die...

#≈≈≈≈ .P#.
#o5. 8#.##
## #### #...
.# .... ..#
.# #### #.#
.#
#.####.###.#
#....o.)...#
#.####.##o.#
#.##@.#
#.....#
####.## #.#
#.# #.# #.#
#.### #...#


You could see an orc priest.

Vanquished Creatures
  3 adders
  A dart slug (D:1)
  An orc (D:3)
  2 bats
  6 endoplasms
  2 giant cockroaches
  3 goblins (D:1)
  8 hobgoblins
  7 jackals
  8 kobolds
  2 quokkas (D:2)
  3 ball pythons
  2 frilled lizards
  2 rats
50 creatures vanquished.

Notes
Turn   | Place    | Note
-------+----------+-------------------------------------------
     0 | D:1      | inmateoo the Djinni Earth Elementalist began the quest for
                  | the Orb.
     0 | D:1      | Reached XP level 1. HP: 15/15 MP: 0/0
   227 | D:1      | Reached XP level 2. HP: 13/22 MP: 0/0
   668 | D:1      | Reached XP level 3. HP: 18/26 MP: 0/0
   668 | D:1      | Learned a level 1 spell: Beastly Appendage
  1420 | D:1      | Reached skill level 3 in Spellcasting
  1597 | D:1      | Reached skill level 1 in Fighting
  2078 | D:1      | Reached XP level 4. HP: 18/32 MP: 0/0
  3000 | D:2      | Reached skill level 1 in Unarmed Combat
  3215 | D:3      | Found a transporter.
  3270 | D:3      | Found Luzxuc's Antique Armour Shop.
  3457 | D:3      | Slain by an orc priest

Illustrated notes

Levels and vault maps discovered:
D:1:      kilobyte_arrival_exit_the_forest, layout_basic,
          grunt_decor_one_mirror, kennysheep_decorative_pillar
D:2:      layout_rooms, chequers_serial_rivers_micro_b, due_unseen_surprise
D:3:      gammafunk_wand_slinger, layout_loops_corners,
          nicolae_hepliaklqana_hippocampus, serial_shops,
          nicolae_shop_hallway_stairs

Skill      XL: |  1  2  3  4 |
---------------+-------------+-----
Spellcasting   | 3 |  3.1
Fighting       | 1 |  1.5
Stealth        | 2 |  2.0
Unarmed Combat | 1 |  1.1
Dodging        | |  2.9

Action                   |  1- 3 |  4- 6 || total
-------------------------+-------+-------++-------
Melee: Unarmed           |   104 |    52 ||   156
       Whip              |     8 |       ||     8
       Punch             |     1 |       ||     1
       Headbutt          |       |     2 ||     2
 Cast: Sandblast         |    31 |    19 ||    50
       Stone Arrow       |       |     9 ||     9
       Passwall          |       |     2 ||     2
       Beastly Appendage |       |     2 ||     2
  Use: Scroll            |     2 |     4 ||     6
       Potion            |       |     1 ||     1
 Stab: Distracted        |       |     1 ||     1
Armor: Robe              |    47 |    18 ||    65
Dodge: Dodged            |    99 |    36 ||   135
